 Dungeon Crawl Stone Soup version 0.27-a0-1359-ga2a4dfd6fd (webtiles) character file.

Game seed: 337825533280370271

11 dickylongcocking the Magician (level 2, -2/23 HPs)
             Began as a Djinni Venom Mage on June 28, 2021.
             Slain by a quokka (3 damage)
             ... on level 1 of the Dungeon.
             The game lasted 00:01:06 (572 turns).

dickylongcocking the Magician (Djinni Venom Mage)    Turns: 572, Time: 00:01:07

Health: -2/23      AC:  2    Str:  7    XL:     2   Next: 40%
Gold:   10         EV: 12    Int: 16    God:
                   SH:  0    Dex: 13

rFire    + + .     SeeInvis .   (no weapon)
rCold    x . .     Faith    .   (no shield)
rNeg     . . .     Spirit   .   a - +0 robe
rPois    ∞         Reflect  .   (no helmet)
rElec    .         Harm     .   (no cloak)
rCorr    .         Rampage  .   (no gloves)
Will     .....                  (boots unavailable)
Stlth    ++........             (no amulet)
HPRegen  0.07/turn              (no ring)
MPRegen  0.00/turn              (no ring)

@: flying, very slightly contaminated
A: sickness immunity, fire resistance 2, cold vulnerability 1, float, innate
caster, hp casting, extra vitality 1
a: no special abilities


You were on level 1 of the Dungeon.
You visited 1 branch of the dungeon, and saw 1 of its levels.

You collected 10 gold pieces.

Inventory:

Armour
 a - a +0 robe (worn)
Scrolls
 b - a scroll of identify {unknown}


   Skills:
 * Level 1.8 Fighting
 - Level 2.2 Dodging
 - Level 1.5 Stealth
 - Level 2.4 Spellcasting


You couldn't memorise any spells.
You knew the following spells:

 Your Spells              Type           Power      Damage    Failure   Level
a - Sting                 Tmut/Pois      36%        1d4       8%          1
b - Poisonous Vapours     Pois/Air       18%        N/A       11%         2
c - Mephitic Cloud        Conj/Pois/Air  9%         N/A       22%         3
d - Ignite Poison         Fire/Tmut/Pois 9%         N/A       22%         3
e - Olgreb's Toxic Radia  Pois           9%         N/A       58%         4
Your spell library was empty.

Dungeon Overview and Level Annotations

Branches:
Dungeon (1/15)

Altars:

Shops:
D:1 [


Innate Abilities, Weirdness & Mutations

You are immune to sickness and miasma.
You are immune to poison.
Your flesh is very heat resistant. (rF++)
You are vulnerable to cold. (rC-)
You float through the air rather than walking.
You learn spells naturally, not from books.
Your magical power is your life essence.
You have superior vitality. (+4 HP)


Message History

The sting misses the quokka.
* * * LOW HITPOINT WARNING * * *
The quokka bites you but does no damage.
Your magical contamination has completely faded away.
The quokka bites you.
* * * LOW HITPOINT WARNING * * *
Casting: Sting (safe; 8% risk of failure)
Confirm with . or Enter, or press ? or * to list all spells.
Aiming: Sting (safe; 8% risk of failure)
Press: ? - help, Shift-Dir - straight line, f/p - quokka
Aim: a quokka (56% to hit)
You miscast Sting.
You are very lightly contaminated with residual magic.
Nothing appears to happen.
* * * LOW HITPOINT WARNING * * *
The quokka bites you but does no damage.
Unknown command.
You aren't carrying any potions.
Casting: Sting (safe; 8% risk of failure)
Confirm with . or Enter, or press ? or * to list all spells.
Aiming: Sting (safe; 8% risk of failure)
Press: ? - help, Shift-Dir - straight line, f/p - quokka
Aim: a quokka (56% to hit)
The sting misses the quokka.
The sting hits the endoplasm.
The endoplasm partially resists.
The endoplasm is poisoned.
The endoplasm is lightly wounded.
* * * LOW HITPOINT WARNING * * *
The quokka bites you but does no damage.
Unknown command.
Casting: Sting (safe; 8% risk of failure)
Confirm with . or Enter, or press ? or * to list all spells.
Aiming: Sting (safe; 8% risk of failure)
Press: ? - help, Shift-Dir - straight line, f/p - quokka
Aim: a quokka (56% to hit)
The sting misses the quokka.
The sting hits the endoplasm.
The endoplasm partially resists.
The endoplasm is severely wounded.
* * * LOW HITPOINT WARNING * * *
The quokka bites you.
You die...

. .. ..# #..# #.##.
#.# #..# ##....##.#
#..# .......#.###..#
.....#........####
#.....b.........#
##...#..###.>#...
#..##########..#
#.....(
#......@rJb.g..#
##.#...
#.###########.##
.##.#
#...#######.#####..
..
#.....).............
#
#...################
##.## #.# #.#
#.##.###########


You could see an endoplasm (poisoned), a quokka, a goblin and a bat.

Vanquished Creatures
  A dart slug (D:1)
  A giant cockroach (D:1)
  A hobgoblin (D:1)
  A quokka (D:1)
  3 bats (D:1)
  A frilled lizard (D:1)
  A goblin (D:1)
  A kobold (D:1)
  A rat (D:1)
11 creatures vanquished.

Notes
Turn   | Place    | Note
-------+----------+-------------------------------------------
     0 | D:1      | dickylongcocking the Djinni Venom Mage began the quest for
                  | the Orb.
     0 | D:1      | Reached XP level 1. HP: 15/15 MP: 0/0
   184 | D:1      | Reached skill level 1 in Fighting
   387 | D:1      | Reached XP level 2. HP: 19/22 MP: 0/0
   509 | D:1      | Found Zafeche's Antique Armour Shop.
   572 | D:1      | Slain by a quokka

Illustrated notes

Levels and vault maps discovered:
D:1:      zelgadis_glass_arrival_small, layout_loops_ring,
          hellmonk_ecumenical_altar_blasted, serial_shops, shop

Skill      XL: |  1 |
---------------+----+-----
Fighting       | 1 |  1.8
Dodging        | |  2.2
Stealth        | |  1.5
Spellcasting   | |  2.4

Action                   || total
-------------------------++-------
Melee: Unarmed           ||     6
 Cast: Sting             ||    24
Armor: Robe              ||    10
Dodge: Dodged            ||    20

Table legend: (Time is in decaauts)
 A = Elapsed time spent in this place.
 B = Non-inter-level travel time spent in this place.
 C = Inter-level travel time spent in this place.
 D = Time resting spent in this place.
 E = Time spent auto-exploring this place.
 F = Levels seen in this place.
 G = Mean time per level.
                   A        B        C        D        E       F      G
               +--------+--------+--------+--------+--------+-----+--------+
         Total |    572 |    572 |      0 |      0 |    490 |   1 |  572.0 |
       Dungeon |    572 |    572 |      0 |      0 |    490 |   1 |  572.0 |
               +--------+--------+--------+--------+--------+-----+--------+

Top non-repeatable levels by time:
     D:1: 572 daAuts
